 Dungeon Crawl Stone Soup version 0.28-a0-2-g643f2454ad (webtiles) character file.

Game seed: 10464250956204722690

53 angelsbits the Skirmisher (level 3, 0/24 HPs)
             Began as a Gargoyle Berserker on July 23, 2021.
             Was a Believer of Trog.
             Shot with a stone by a goblin (2 damage)
             ... on level 2 of the Dungeon.
             The game lasted 00:03:23 (1686 turns).

angelsbits the Skirmisher (Gargoyle Berserker)      Turns: 1686, Time: 00:03:24

Health: 0/24       AC:  5    Str: 21    XL:     3   Next: 87%
Magic:  3/3        EV: 12    Int:  7    God:    Trog [**....]
Gold:   52         SH:  0    Dex:  9    Spells: 2/2 levels left

rFire   . . .      SeeInvis .   a - +0 hand axe
rCold   . . .      Faith    .   (no shield)
rNeg    + . .      Spirit   .   b - +0 animal skin
rPois   ∞          Reflect  .   (no helmet)
rElec   +          Harm     .   (no cloak)
rCorr   .          Rampage  .   (no gloves)
Will    .....                   (no boots)
Stlth   +.........              (no amulet)
HPRegen 0.08/turn               (no ring)
MPRegen 0.08/turn               (no ring)

@: on berserk cooldown, attractive, slowed, very slow
A: sickness immunity, AC +3, negative energy resistance 1, electricity
resistance, torment resistance 1, petrification resistance
a: Renounce Religion, Berserk, Trog's Hand


You were on level 2 of the Dungeon.
You worshipped Trog.
Trog was pleased with you.
You visited 1 branch of the dungeon, and saw 2 of its levels.

You collected 52 gold pieces.

Inventory:

Hand Weapons
 a - a +0 hand axe (weapon)
Missiles
 d - 32 bolts
 f - 41 stones (quivered)
 g - 5 datura-tipped darts
Armour
 b - a +0 animal skin (worn)
 e - a +0 chain mail
Jewellery
 c - a ring of protection from fire
Scrolls
 j - a scroll of teleportation {unknown}
Potions
 h - a potion of attraction
 i - a potion of curing {unknown}
 k - a potion of brilliance {unknown}


   Skills:
 + Level 3.8 Fighting
 + Level 3.6 Axes
 + Level 2.3 Armour
 + Level 1.9 Dodging
 + Level 0.2 Stealth


You had 2 spell levels left.
You didn't know any spells.
Your spell library was empty.

Dungeon Overview and Level Annotations

Branches:
Dungeon (2/15)

Altars:


Innate Abilities, Weirdness & Mutations

You are immune to sickness and miasma.
Your stone body is resilient. (AC +3)
You are immune to poison.
You resist negative energy. (rN+)
You are resistant to electric shocks. (rElec)
You are resistant to unholy torment.
You are immune to petrification.


Message History

You barely miss the gnoll. You slash the gnoll! You closely miss the gnoll.
The goblin shoots a stone.
The stone barely misses you. The gnoll hits you with a +0 flail!
You slash the gnoll!
The gnoll is heavily wounded.
You slash the gnoll! You closely miss the gnoll.
The gnoll hits you with a +0 flail. The gnoll barely misses you.
The goblin shoots a stone.
The stone misses you. The gnoll closely misses you.
You hit the gnoll.
The gnoll is severely wounded.
You hit the gnoll. The gnoll barely misses you. The gnoll closely misses you.
The gnoll hits you from afar with a +0 halberd!
* * * LOW HITPOINT WARNING * * *
You barely miss the gnoll.
The gnoll is severely wounded.
You slash the gnoll!
You kill the gnoll!
Trog accepts your kill.
The goblin shoots a stone.
The stone hits you but does no damage. The gnoll hits you with a +0 flail!
* * * LOW HITPOINT WARNING * * *
You completely miss the gnoll.
The gnoll is severely wounded.
The gnoll barely misses you.
The goblin shoots a stone.
The stone barely misses you.
You slash the gnoll!
You kill the gnoll!
Trog accepts your kill.
You are no longer berserk.
You are exhausted.
You feel yourself slow down. The gnoll closely misses you.
The goblin shoots a stone.
The stone closely misses you.
It was a potion of attraction.
You feel attractive to monsters. The gnoll barely misses you.
The goblin shoots a stone.
The stone hits you but does no damage. The gnoll is pulled toward you!
The goblin is pulled toward you! The gnoll barely misses you.
The goblin shoots a stone.
The stone hits you.
You die...

#.....# #.....# #.....#
#.....# ......########
#
.#...........#+######.#
..#.######............#
..#†# #......g.....#
..#.# #.....)@.....#
..#.# #(...........#
..#.# #.<.........)#
..#.# #..g.........#
..#.# #............#
..#.# #............#
..#.# #............#
###.# #............#
....#


You could see a gnoll and a goblin.

Vanquished Creatures
  2 gnolls (D:2)
  2 ball pythons
  3 endoplasms
  7 goblins
  A hobgoblin (D:2)
  3 jackals (D:1)
  3 kobolds (D:1)
  A quokka (D:1)
  6 bats
  3 rats
31 creatures vanquished.

Notes
Turn   | Place    | Note
-------+----------+-------------------------------------------
     0 | D:1      | angelsbits the Gargoyle Berserker began the quest for the
                  | Orb.
     0 | D:1      | Reached XP level 1. HP: 14/14 MP: 1/1
   270 | D:1      | Found a faded altar of an unknown god.
   280 | D:1      | Reached XP level 2. HP: 12/19 MP: 2/2
  1320 | D:2      | Reached XP level 3. HP: 23/24 MP: 3/3
  1401 | D:2      | Reached ** piety under Trog
  1686 | D:2      | Shot with a stone by a goblin

Illustrated notes

Levels and vault maps discovered:
D:1:      amcnicky_arrival_double_pillar, layout_basic,
          shapermc_ecumenical_altar_mp_highgroup
D:2:      layout_basic

Skill      XL: |  1  2 |
---------------+-------+-----
Axes           | 3 |  3.6
Fighting       | |  3.8
Armour         | |  2.3
Dodging        | |  1.9
Stealth        | |  0.2

Action                   || total
-------------------------++-------
Melee: Hand axe          ||    91
Invok: Berserk           ||     1
  Use: Potion            ||     1
Armor: Animal skin       ||    46
Dodge: Dodged            ||    85

Table legend: (Time is in decaauts)
 A = Elapsed time spent in this place.
 B = Non-inter-level travel time spent in this place.
 C = Inter-level travel time spent in this place.
 D = Time resting spent in this place.
 E = Time spent auto-exploring this place.
 F = Levels seen in this place.
 G = Mean time per level.
                   A        B        C        D        E       F      G
               +--------+--------+--------+--------+--------+-----+--------+
         Total |   1695 |   1354 |    341 |    278 |    831 |   2 |  847.5 |
       Dungeon |   1695 |   1354 |    341 |    278 |    831 |   2 |  847.5 |
               +--------+--------+--------+--------+--------+-----+--------+

Top non-repeatable levels by time:
     D:1: 1303 daAuts
     D:2: 392 daAuts
